 Dungeon Crawl Stone Soup version 0.13-a0-2450-ga447c6a (webtiles) character file.

122 Rycklaryybbe the Magician (level 3, 14/15 HPs)
             Began as a Spriggan Wizard on July 17, 2013.
             Quit the game on Level 2 of the Dungeon.
             The game lasted 00:07:26 (2182 turns).

Rycklaryybbe the Magician (Spriggan Wizard)         Turns: 2182, Time: 00:07:26

HP  14/15        AC  2     Str  4      XL: 3   Next: 73%
MP  13/13        EV 18     Int 19      God:
Gold 65          SH  0     Dex 14      Spells:  3 memorised,  6 levels left

Res.Fire  : . . .   See Invis. : +   w - -2,-3 dagger (curse)
Res.Cold  : . . .   Warding    : .   a - +0 robe
Life Prot.: . . .   Conserve   : .   (shield restricted)
Res.Poison: .       Res.Corr.  : .   b - +0 wizard hat
Res.Elec. : .       Clarity    : .   (no cloak)
Sust.Abil.: . .     Spirit.Shd : .   (gloves unavailable)
Res.Mut.  : .       Stasis     : .   (boots unavailable)
Res.Rott. : .       Flight     : .   (no amulet)
Saprovore : . . .                    (no ring)
                                     (no ring)

@: very quick, slightly resistant to hostile enchantments, quite stealthy
A: unfitting armour, see invisible, herbivore 3, speed 3, slow metabolism 2
a: no special abilities


You were on level 2 of the Dungeon.
You were not hungry.

You visited 1 branch of the dungeon, and saw 3 of its levels.

You collected 45 gold pieces.

Inventory:

Hand weapons
 k - a +1,+1 dwarven mace of crushing
 n - a +0,+0 whip of reaching
 s - a +1,+2 elven dagger (quivered)
 w - a cursed -2,-3 dagger (weapon)
Armour
 a - a +0 robe (worn)
 b - a +0 wizard hat (worn)
Comestibles
 f - 2 apples
 l - 3 bread rations
 t - a pear
Scrolls
 h - 2 scrolls of remove curse {unknown}
 j - a scroll of magic mapping {unknown}
 o - a scroll of random uselessness {unknown}
 p - a scroll of blinking {unknown}
 r - a scroll of teleportation {unknown}
 u - 2 scrolls of identify {unknown}
Potions
 d - a potion of porridge
 e - a potion of flight {unknown}
 g - a potion of resistance {unknown}
 i - a potion of heal wounds {unknown}
 m - a potion of brilliance {unknown}
 q - 2 potions of curing {unknown}
 v - a potion of restore abilities {unknown}
Books
 c - a book of Minor Magic

   Spells                             Type                      Level
   *Magic Dart                        Conjuration                  1
   *Blink                             Translocation                2
   Call Imp                           Summoning                    2
   Repel Missiles                     Charms/Air                   2
   Slow                               Hexes                        2
   Conjure Flame                      Conjuration/Fire             3
   *Mephitic Cloud                    Conjuration/Poison/Air       3


   Skills:
 - Level 3.0 Dodging
 + Level 4.7 Stealth
 + Level 5.2 Spellcasting
 - Level 0.6 Conjurations
   Level 0.7 Summonings
 - Level 1.5 Translocations


You had 6 spell levels left.
You knew the following spells:

 Your Spells              Type           Power        Failure   Level  Hunger
a - Magic Dart            Conj           #...         12%         1    None
b - Blink                 Tloc           N/A          12%         2    None
c - Mephitic Cloud        Conj/Pois/Air  #.......     34%         3    ##.....


Dungeon Overview and Level Annotations

Branches:
Dungeon (3/27)

Altars:


Innate Abilities, Weirdness & Mutations

You are tiny and cannot use many weapons and most armour.
You have supernaturally acute eyesight.
You are a herbivore.
You cover ground extremely quickly.
You need consume almost no food.


Message History

Press: ? - help, Shift-Dir - straight line, f/p - adder
Aim: an adder (severely wounded, bewildered and confused)
The magic dart hits the adder.
The adder is almost dead.
Casting: Magic Dart
Confirm with . or Enter, or press ? or * to list all spells.
Aiming: Magic Dart
Press: ? - help, Shift-Dir - straight line, f/p - adder
Aim: an adder (almost dead, bewildered and confused)
The magic dart hits the adder.
You kill the adder!
Casting: Magic Dart
Confirm with . or Enter, or press ? or * to list all spells.
You can't see any susceptible monsters within range! (Use Z to cast anyway.)
You start resting.
Your magical contamination has completely faded away.
You start resting.
Magic restored.
Done exploring.
Are you sure you want to abandon this character and quit the game? (Confirm with "yes".)

##<###.# #.# #.#
#.# #.# #.## #.#
#^###.###.># #.#
#.##..%###.## #^#
#.#.###.#...#####
#.# #...#
#.........# #.#
###.###.#..%....#
#.#
##............#
#.#
########....@#
#.# #.....###.#
###.......#
#########


There were no monsters in sight!

Vanquished Creatures
  An adder (D:2)
  4 giant geckos (D:2)
  An ooze (D:1)
  3 bats
  4 giant cockroaches
  4 hobgoblins (D:1)
  8 kobolds
  A quokka (D:2)
  2 giant newts (D:2)
  4 goblins
  7 rats
39 creatures vanquished.

Notes
Turn   | Place    | Note
--------------------------------------------------------------
     0 | D:1      | Rycklaryybbe, the Spriggan Wizard, began the quest for the Orb.
     0 | D:1      | Reached XP level 1. HP: 7/7 MP: 7/7
   398 | D:1      | Reached XP level 2. HP: 11/11 MP: 10/10
   419 | D:1      | Learned a level 2 spell: Blink
  1276 | D:2      | Reached XP level 3. HP: 13/15 MP: 9/13
  1288 | D:2      | Learned a level 3 spell: Mephitic Cloud
  1549 | D:2      | Reached skill level 5 in Spellcasting
  2182 | D:2      | Quit the game

Action                   || total
-------------------------++-------
Melee: Unarmed           ||     7
       Mace              ||    11
       Whip              ||    36
       Dagger            ||    63
 Cast: Magic Dart        ||    72
       Mephitic Cloud    ||     1
 Stab: Sleeping          ||     4
